[Event "Bangabandhu Premier Div League 2022"]
[Site "Dhaka"]
[Date "2022.12.06"]
[Round "7.2"]
[White "Rahman, Siddiqur"]
[Black "Ahmed, Shafiq"]
[Result "0-1"]
[ECO "A80"]
[WhiteElo "1970"]
[BlackElo "2092"]
[Annotator "TA"]
[PlyCount "98"]
[EventDate "2022.11.30"]
[EventType "team-tourn"]
[EventCountry "BAN"]
[SourceTitle "playchess.com"]
[Source "ChessBase"]
[SourceQuality "1"]
[TimeControl "40/5400+30:1800+30"]

1. d4 f5 2. f4 Nf6 3. Nf3 e6 4. e3 Be7 5. Be2 O-O 6. O-O {[%emt 0:00:58] A80: Dutch Defence: Unusual White second moves.} d6 7. c4 {[%emt 0:01:26] [#]} Re8 $146 ({Predecessor:} 7... Qe8 8. Nc3 Nbd7 9. Ng5 Bd8 10. Bf3 h6 11. Nh3 c6 12. b3 e5 13. d5 e4 {½-½ (39) Bumagin,V-Pavlov,V (2041) Gagarin 2009}) 8. Nc3 {[%emt 0:01:10] White is slightly better.} Nbd7 9. b3 Ne4 10. Bb2 Ndf6 11. Qc2 Nxc3 12. Bxc3 Ne4 13. Bd3 Nxc3 14. Qxc3 Bf6 15. c5 Bd7 16. Rac1 Bc6 17. b4 g5 18. fxg5 Bxg5 19. Be2 Bh6 20. Rce1 Qd7 21. Bc4 Qg7 22. Qb3 d5 23. Bd3 Rf8 24. Ne5 Be8 25. b5 (25. Rf3 {feels hotter.} Kh8 26. Rh3 Rg8 27. g3) 25... Qe7 26. c6 (26. a4) (26. Be2 $14 {might be stronger.}) 26... b6 (26... bxc6 27. bxc6 Bg7) (26... bxc6 $11 27. bxc6 Bg7) 27. Qa4 Bg7 28. Nf3 Kh8 29. Kh1 Bf6 30. Ne5 (30. Ng1 $14) 30... Qg7 31. Nf3 Rg8 32. Qc2 Be7 33. g3 Qh6 34. Qf2 Bd6 35. Rg1 a6 $1 36. a4 (36. bxa6 $15 {is more appropriate.} Bxc6 37. Rb1) 36... axb5 $17 37. Bxb5 Bh5 38. Nh4 Rg7 39. Nf3 $2 {[%emt 0:02:43][%mdl 8192] [#] White does not recover from this.} (39. Ra1 $17 {was necessary.}) 39... Rag8 $2 (39... Bxf3+ $1 $19 {has better winning chances.} 40. Qxf3 Rag8) 40. Ne5 Bxe5 41. dxe5 Rg4 42. e4 $2 (42. Ra1) 42... Rxe4 (42... fxe4 $2 {too greedy.} 43. Be2 $19) 43. Rxe4 (43. Rgf1 {was called for.}) 43... fxe4 $19 (43... dxe4 $2 {is the wrong capture.} 44. Be2 $19) 44. Rf1 Bf3+ 45. Kg1 Rf8 46. Re1 Qg7 47. Qd4 (47. Qb2 $142) 47... h5 48. Be2 h4 49. Kf2 {[%emt 0:00:40] [#]} (49. Bxf3 $19 Rxf3 50. Re3) 49... Qg4 {[%emt 0:03:06] Weighted Error Value: White=0.54/Black=0.22 (precise)} 0-1

[Event "Bangabandhu Premier Div League 2022"]
[Site "Dhaka"]
[Date "2022.12.06"]
[Round "7.3"]
[White "Abdul, Momin"]
[Black "Muthaiah AL"]
[Result "0-1"]
[ECO "B41"]
[WhiteElo "1900"]
[BlackElo "2454"]
[Annotator "TA"]
[PlyCount "136"]
[EventDate "2022.12.01"]
[EventCountry "BAN"]
[SourceTitle "playchess.com"]
[Source "ChessBase"]
[SourceQuality "1"]
[TimeControl "40/5400+30:1800+30"]

1. e4 c5 2. Nf3 a6 3. c4 e6 4. Nc3 Qc7 5. Be2 d6 6. d4 cxd4 7. Nxd4 Nf6 8. O-O Be7 9. Be3 O-O 10. b3 {[%emt 0:00:30] B41: Sicilian: Kan Variation: 5 c4.} b6 11. Qd2 Bb7 12. f3 {[%emt 0:00:30] White is slightly better.} Nbd7 {[%emt 0:01:00] [#]} 13. Rfc1 $146 ({Predecessor:} 13. Rfd1 Rac8 14. Rac1 Rfe8 15. Bd3 Qb8 16. Bb1 Bd8 17. g4 Bc7 18. h4 Ne5 19. Qf2 d5 20. g5 Nh5 21. cxd5 Ng6 22. Nde2 Nhf4 23. Nxf4 Nxf4 24. Qh2 Nxd5 25. Qd2 Nxe3 {0-1 (25) Sinn,K-Houhou,O (2247) Bad Zwesten 2006}) 13... Rac8 14. Bf1 Qb8 15. Qf2 Rfe8 16. Na4 Bd8 17. Kh1 Bc7 18. Ne2 Bc6 19. Nac3 Ba8 20. Ng3 Ne5 21. Be2 Rcd8 22. Rd1 h6 23. Rac1 Bc6 24. Bd4 Ned7 25. b4 Qa8 {[%emt 0:00:00] [#]} (25... Rc8 $14) 26. a4 (26. Nd5 $1 $16 exd5 27. cxd5) 26... a5 (26... Bb7 $11) 27. b5 (27. bxa5 $16 bxa5 28. Nb5) 27... Bb7 $14 28. Bf1 Rc8 29. Nb1 Bd8 30. Be3 Qb8 31. Qd2 Nc5 {[%emt 0:00:00] Strongly threatening ...Nb3.} 32. Bxc5 (32. Qa2 $11) 32... Rxc5 33. Qf2 h5 34. Bd3 g6 35. Nd2 h4 (35... Nd7 $17) 36. Ngf1 h3 37. g4 ({Better is} 37. g3 $1 $15) 37... d5 $17 38. Ng3 Qf4 {[%emt 0:00:30] Against g5} 39. Qf1 dxc4 (39... Bc7 $17 {Hoping for ...dxe4.} 40. Nb3 dxe4 41. Nxc5 bxc5 42. fxe4 Nxe4 43. Bxe4 Bxe4+ 44. Kg1 Qxg4) 40. Rxc4 Rxc4 41. Nxc4 Bc7 42. Rd2 (42. Be2 $15) 42... Rd8 43. Rf2 {[%emt 0:32:30] [#]} (43. Kg1 $17) 43... Kg7 (43... Rxd3 $1 $19 44. Qxd3 Nxg4) 44. Bc2 Nh7 45. Ne2 (45. Qa1+ $17 Nf6 46. Qc3) 45... Qg5 (45... Qf6 $19 {...Ng5 is the strong threat.} 46. Qc1 Qe7) 46. Ng1 $15 Qc5 47. Nxh3 Rd4 (47... Nf6 {looks sharper.} 48. Bd3 Rd4 49. Rc2 Nxe4 50. Nxa5 Qxc2 51. Bxc2 Nd2) 48. Ne3 Nf6 {[%emt 0:00:30][%mdl 1024] Black has compensation.} 49. Ng2 Rc4 50. Ne1 Rc3 51. Rd2 Qa3 {[%emt 0:00:00][%cal Of6g4] Black is much more active.} 52. Nf2 {[#]} Be5 (52... Qc1 $1 $17 53. Rd1 Qf4) 53. Rd3 $11 Qa1 {[%emt 0:00:00] And now ...Rxc2 would win.} 54. Kg2 (54. Rxc3 {simplifies} Qxc3 55. Qe2 Nd7 56. Ned3) 54... Qa2 55. Qe2 Rc7 56. Bd1 (56. Qd2 {is more complex.} Qa1 57. Qe3 Rc5 58. Rd1) 56... Qa1 (56... Qxe2 {simplifies} 57. Bxe2 g5 58. Rd2 Rc3) 57. Bb3 Nd7 58. Rd1 (58. h4 {keeps more tension.} Nc5 59. Rd1 Qc3 60. Bc2) 58... Qa3 59. Rb1 Rc3 60. Nc2 (60. Qd2 $11 {keeps the balance.} Qe7 61. Ned3) 60... Qe7 {[%emt 0:00:57] White must now prevent ...Nc5.} 61. Nd3 {[%emt 0:00:00] Against Nc5. White does not recover from this.} (61. Ne3 $17 {is a better defense.}) 61... Qh4 $19 62. Nxe5 Nxe5 63. Ne3 $2 (63. Qe1 Qxh2+ 64. Kxh2 Nxf3+ 65. Kg2 Nxe1+ 66. Rxe1 Rxb3 67. Kg1) 63... Qg5 64. Kf2 Qf4 {[%cal Oc3e3] ( -> ...Rxe3!)} 65. Bd1 {[%emt 0:00:00] [#]} Rxe3 $1 {[%emt 0:00:00][%mdl 576] Double Attack. Black mates.} 66. Qb2 (66. Rb3 Rxe4) 66... Bxe4 67. Kg2 Bxf3+ 68. Bxf3 Qxf3+ {[%emt 0:01:00] Weighted Error Value: White=0.28 (precise) /Black=0.23 (precise)} 0-1

[Event "Bangabandhu Premier Div League 2022"]
[Site "Dhaka"]
[Date "2022.12.06"]
[Round "7.4"]
[White "Harikrishnan.A.Ra"]
[Black "Jannatul, Ferdous"]
[Result "1-0"]
[ECO "B13"]
[WhiteElo "2409"]
[BlackElo "1861"]
[Annotator "TA"]
[PlyCount "65"]
[EventDate "2022.12.01"]
[EventCountry "BAN"]
[SourceTitle "playchess.com"]
[Source "ChessBase"]
[SourceQuality "1"]
[TimeControl "40/5400+30:1800+30"]

1. e4 c6 2. d4 d5 3. exd5 cxd5 4. Bd3 Nc6 5. c3 Nf6 6. Bf4 e6 7. Nf3 Bd6 8. Bxd6 Qxd6 9. O-O O-O 10. Re1 Re8 {[%emt 0:00:00] B13: Caro-Kann: Exchange Variation and Panov-Botvinnik Attack.} 11. Ne5 a6 12. Nd2 b5 {[%emt 0:00:00] White is better.} 13. a3 {[#]} Na5 $146 ({Predecessor:} 13... Bb7 14. f4 Ne7 15. g4 Ng6 16. Qf3 Nd7 17. Qg3 Ndf8 18. Rf1 Rad8 19. Rae1 f6 20. Nxg6 hxg6 {1-0 (37) Fasiello,A (1988)-Cammarota,V (1884) Gallipoli 2013}) 14. b4 Nc4 15. Nb3 Nb2 16. Qd2 Nxd3 17. Qxd3 (17. Nxd3 {simplifies} Nd7 18. Qf4 Qxf4 19. Nxf4 Nb6 20. Nd3) 17... Bb7 18. a4 Bc6 19. Nc5 bxa4 20. Nxc6 {[%emt 0:00:00] White is much more active.} (20. Nxa6 $6 Rec8 $11) (20. Nxa4 Bb5 21. Qc2 Nd7 $14) 20... Qxc6 21. Rxa4 Qb5 22. Qc2 (22. Rxa6 $2 Qxd3 23. Nxd3 Rxa6 $19) 22... Reb8 {[%emt 0:00:00] [#]} (22... Rec8 $142) 23. Rea1 $1 $16 Rb6 24. h3 (24. Ra5 $142 Qc6 25. Qa4) 24... g6 (24... Ne8 $142) 25. f3 (25. Ra5 $142 Qc4 26. Qd2) 25... Ne8 26. Ra5 Qc4 (26... Qc6 $142) 27. R1a4 {[%emt 0:00:30][%cal Ob4b5] Strongly threatening b5!} Rb5 28. Rxa6 (28. Nxa6 $2 {too greedy.} Rxa5 29. Rxa5 Rxa6 $19) 28... Rxa6 29. Nxa6 {[%emt 0:00:30] aiming for Nc5.} Kg7 (29... Qc8 $16 30. Qd2 (30. Nc5 Rb8 $16) 30... Nd6) 30. Nc5 $18 e5 31. Ra8 ({Don't play} 31. dxe5 $6 d4 $16) 31... Nd6 32. dxe5 Nf5 {[%emt 0:01:00] [#]} 33. Rc8 $1 {[%emt 0:00:00] Weighted Error Value: White=0.14 (very precise) /Black=0.18 (very precise)} 1-0

[Event "Bangabandhu Premier Div League 2022"]
[Site "Dhaka"]
[Date "2022.12.06"]
[Round "7.5"]
[White "Abu Sufian, Shakil"]
[Black "Rahman, Ziaur"]
[Result "0-1"]
[ECO "B30"]
[WhiteElo "2229"]
[BlackElo "2464"]
[Annotator "TA"]
[PlyCount "52"]
[EventDate "2022.11.30"]
[EventType "team-tourn"]
[EventCountry "BAN"]
[SourceTitle "playchess.com"]
[Source "ChessBase"]
[SourceQuality "1"]
[TimeControl "40/5400+30:1800+30"]

1. e4 c5 2. Nf3 Nc6 3. Bb5 e6 4. O-O Nge7 5. Re1 b6 6. c3 {[%emt 0:00:42] B30: Sicilian: 2...Nc6 3 Bb5, lines without ...g6.} a6 7. Bf1 Bb7 8. d4 {[%emt 0:00:14] White is slightly better.} cxd4 9. cxd4 {[%emt 0:00:05] Hoping for d5.} d5 10. e5 Nf5 11. Nc3 Be7 {[%emt 0:01:02] [#]} 12. Be3 $146 ({Better is} 12. Bd3 $14) ({Predecessor:} 12. a3 h5 13. g3 g5 14. h3 b5 15. Bg2 g4 16. hxg4 hxg4 17. Nh2 Ncxd4 18. Nxg4 {0-1 (67) Mammadzada,G (2473)-Dzagnidze,N (2526) Shusha 2022}) 12... O-O 13. Bd3 Na5 (13... Nxe3 $11 14. Rxe3 g6) 14. Qb1 $14 g6 15. g4 $2 (15. Bxf5 $16 {keeps the pressure on.} exf5 16. Bh6) 15... Nxe3 $17 16. fxe3 Rc8 17. Ne2 Bb4 $1 18. Rd1 ({White should play} 18. Nf4) 18... Nc4 19. Kf2 $2 {[%emt 0:00:12][%mdl 8192] [#] Now White is beyond hope.} (19. a3 $17 Be7 20. Rc1) 19... f6 $1 $19 20. Nf4 fxe5 21. dxe5 {[%emt 0:00:04] [#]} Nxe3 $1 22. Kxe3 (22. Kg3 Qe7) 22... Bc5+ (22... d4+ $142 23. Nxd4 {[#]} Rxf4 $1 ) 23. Ke2 Rxf4 24. Bxg6 Rxf3 {[%emt 0:06:30] Black mates.} (24... hxg6 25. Qxg6+ Kf8 26. Qh6+ (26. Qxe6 $2 Rc6 $19) 26... Ke7 27. Qxf4 $16) 25. Kxf3 Qh4 ({Not} 25... hxg6 26. Qxg6+ Kh8 27. Qh6+ (27. Qxe6 $2 {perishes.} Rc6 $19) 27... Kg8 28. Qg6+ Kh8 29. Qh6+ (29. Qxe6 $2 Rc6 $19) 29... Kg8 30. Qg6+ $11) 26. Bxh7+ Kh8 {[%emt 0:00:12][%mdl 64] Weighted Error Value: White=0.94/Black=0.26 (precise)} (26... Qxh7 $2 {loses.} 27. Qxh7+ Kxh7 28. Kg3 $19) 0-1

[Event "Bangabandhu Premier Div League 2022"]
[Site "Dhaka"]
[Date "2022.12.06"]
[Round "7.5"]
[White "Anata, Choudhury"]
[Black "abzid, Rahman"]
[Result "0-1"]
[ECO "B05"]
[WhiteElo "2176"]
[BlackElo "2043"]
[Annotator "TA"]
[PlyCount "124"]
[EventDate "2022.12.01"]
[EventCountry "BAN"]
[SourceTitle "playchess.com"]
[Source "ChessBase"]
[SourceQuality "1"]
[TimeControl "40/5400+30:1800+30"]

1. e4 Nf6 2. e5 Nd5 3. d4 d6 4. Nf3 Bg4 5. Be2 Nc6 6. O-O Nb6 7. a4 {[%emt 0:00:00] B05: Alekhine's Defence: 4 Nf3 Bg4.} a5 {[%emt 0:00:30] [#]} 8. Be3 $146 ({Predecessor:} 8. exd6 Qxd6 9. Nc3 e6 10. Nb5 Qd7 11. Ne5 Nxe5 12. dxe5 Bxe2 13. Qxe2 Qc6 14. Rd1 Be7 {1-0 (45) Reichardt,M (1934)-Gajic,Z (2027) IECG email 1999}) 8... d5 (8... dxe5 $11 {remains equal.} 9. Nxe5 (9. dxe5 g6 $11) 9... Nxe5 10. Bxg4 Nxg4 11. Qxg4 g6) 9. h3 $16 {[%emt 0:00:00] White is better.} Bxf3 10. Bxf3 (10. gxf3 e6 $11) 10... e6 11. Nd2 Be7 (11... Ne7 $14) 12. c3 O-O 13. Be2 Bg5 14. f4 Bh6 15. Bd3 f6 16. Qe2 (16. exf6 $18 {is more deadly.} Qxf6 17. g3) 16... fxe5 17. fxe5 Rxf1+ 18. Nxf1 Qh4 (18... Bxe3+ $142 19. Qxe3 (19. Nxe3 Qh4 $16) 19... Qe7) 19. Bf2 $1 Qe7 20. Qc2 g6 21. Nh2 Rf8 22. Ng4 Bg7 23. Be3 Qe8 24. Bg5 Nd7 25. h4 Ne7 {[%emt 0:01:00] Inhibits h5.} 26. Nh6+ Kh8 27. h5 ({White should play} 27. Qb3 $16) 27... c5 ({Black should try} 27... gxh5 $14 28. Bxh7 c5) 28. b3 (28. hxg6 $16 {Strongly threatening Nf7+.} Nxg6 29. Qd1) 28... cxd4 $15 29. cxd4 Nc6 30. hxg6 $2 ({Only move:} 30. Be3 $1 $15) 30... Nxd4 $19 31. Nf7+ Qxf7 $1 32. Qb2 (32. gxf7 Nxc2 33. Bxc2) 32... Nxe5 $2 33. gxf7 Ndf3+ $1 {[%emt 0:00:00] Pair of Knights!} 34. Kh1 (34. gxf3 $2 Nxf3+ 35. Kg2 Bxb2 $19) 34... Nxg5 (34... Nxd3 $19 {avoids the disaster.} 35. Qc2 Nxg5) 35. Qd2 $18 Nxd3 36. Rf1 Ne4 37. Qxd3 Bf6 38. Rf4 Rxf7 39. Qh3 e5 40. Qc8+ Kg7 41. Rf3 d4 42. Qg4+ Ng5 43. Rf1 h6 44. Re1 Re7 45. Qf5 e4 {[%emt 0:00:00][%cal Be5e4,Be4e3,Be3e2][%mdl 32] [#]} 46. Rf1 $1 {[%emt 0:00:30] Inhibits e3.} Re6 (46... Rf7 $16 {was called for.}) 47. Qxa5 e3 {[%emt 0:00:00] [#] ...e2 is the strong threat.} 48. Qd5 $2 (48. Qb5 $1 $18 ) 48... e2 $11 49. Re1 {[%emt 0:00:30][%cal Od5c4] Hoping for Qc4!} (49. Qxb7+ $2 {is the wrong capture.} Re7 50. Qb5 exf1=N 51. Qxf1 Re3 $19) 49... Re3 {[%emt 0:00:00] The board is on fire.} 50. Qxb7+ Kg6 {[%emt 0:02:00] Threatens to win with ...d3.} 51. Qd5 $2 (51. Qb6 $11 Ne6 52. g3) 51... d3 $19 {[%emt 0:00:00] aiming for ...Be5.} 52. g4 Nf3 53. Qg8+ Bg7 54. Qd5 Be5 $2 (54... Nd4 $19 {( -> ...d2)} 55. Qa5 Be5) 55. Qe6+ $2 (55. Qg8+ $11 Bg7 56. Qd5) 55... Kg5 {[%emt 0:02:30] Black mates.} 56. Qf5+ Kh4 57. Qh5+ Kg3 58. Qxh6 Nxe1 59. Qh2+ Kf3 60. Qh3+ Bg3 61. g5 {[%emt 0:00:30] [#]} Ng2 $1 62. Qh5+ (62. Qxg2+ Kg4) 62... Kf2 {[%emt 0:00:24] Weighted Error Value: White=0.54/Black=0.49} 0-1

[Event "Bangabandhu Premier Div League 2022"]
[Site "Dhaka"]
[Date "2022.12.06"]
[Round "7.6"]
[White "Chanda, Sandipan"]
[Black "Ghosh, Diptayan"]
[Result "1/2-1/2"]
[ECO "E46"]
[WhiteElo "2474"]
[BlackElo "2544"]
[Annotator "TA"]
[PlyCount "149"]
[EventDate "2022.11.30"]
[EventType "team-tourn"]
[EventCountry "BAN"]
[SourceTitle "playchess.com"]
[Source "ChessBase"]
[SourceQuality "1"]
[TimeControl "40/5400+30:1800+30"]

1. d4 Nf6 2. c4 e6 3. Nc3 Bb4 4. e3 O-O 5. Bd2 c5 6. a3 {[%emt 0:00:21] E46: Nimzo-Indian: Rubinstein: 4 e3 0-0 5 Ne2 without early Bd3.} Bxc3 7. Bxc3 Ne4 8. Ne2 b6 9. d5 Ba6 ({Don't take} 9... Qh4 10. g3 Qg5 11. Bg2 exd5 12. cxd5 $14 (12. Qxd5 Qxd5 13. cxd5 f5 $14)) 10. b3 b5 11. Qc2 ({Much weaker is} 11. f3 Nxc3 12. Nxc3 bxc4 $15) (11. Qd3 $5 Nxc3 12. Nxc3 $11) 11... exd5 12. cxd5 Nxc3 {[%emt 0:00:03] [#]} 13. Qxc3 $146 ({Predecessor:} 13. Nxc3 b4 14. Bxa6 Nxa6 15. axb4 cxb4 16. Rxa6 Rc8 17. O-O Rxc3 18. Qa2 Qg5 19. d6 {½-½ (55) Sandipan,C (2458)-Petrosyan,M (2610) Abu Dhabi 2022}) 13... d6 14. Ng3 Nd7 15. Be2 Nf6 16. Qd2 {[%emt 0:00:39] Against b4} Qb6 17. O-O Rfe8 18. Rfe1 Bb7 19. Bf3 Re5 20. e4 Rae8 21. b4 h5 22. h4 c4 23. a4 a6 24. axb5 axb5 25. Red1 g6 26. Ra5 Bc8 27. Qd4 (27. Rda1 {feels hotter.} Bb7 28. Ra7 Bc8 29. R1a2) 27... Qxd4 28. Rxd4 Bd7 29. Ra6 c3 30. Ra2 Rc8 {[%emt 0:08:37] And now ...c2 would win.} 31. Rc2 Ree8 {[%emt 0:02:32][%cal Be5e8,Be8c8,Bc8c3][%mdl 32] [#]} 32. Ne2 (32. Be2 $1 $16) 32... Rc7 33. Rxc3 Rxc3 34. Nxc3 Rc8 35. Nd1 Bg4 36. Bxg4 (36. Kf1 $1 $14) 36... Nxg4 $14 {[%emt 0:00:31][%mdl 4096] Endgame KRN-KRN} 37. f3 Ne5 38. Ne3 Rc3 39. f4 Nd7 40. Kf2 Kf8 41. Ke2 Rb3 42. Nc2 Nb6 43. Rd3 Rb2 44. Kd2 Rb1 45. Kc3 Na4+ 46. Kd4 Rb2 47. Rd2 Ke7 48. e5 Rb3 49. Re2 Rc3 50. f5 Rc4+ 51. Kd3 dxe5 52. fxg6 fxg6 53. Rxe5+ Kd7 54. Rg5 Nb2+ 55. Kd2 {[%emt 0:00:00] [#] g3 is the strong threat.} Rxh4 56. Rxg6 Nc4+ 57. Kc3 Rh1 58. Rh6 h4 59. Nd4 Rc1+ 60. Kb3 Rb1+ 61. Kc2 Rxb4 62. Kc3 Rb2 63. Nxb5 Rxb5 {[%emt 0:00:08] The position is equal.} 64. Kxc4 $11 {[%emt 0:00:04] KR-KR} Rb2 65. Rg6 Rd2 66. Kc5 Rc2+ 67. Kd4 Re2 68. Rg4 Kd6 69. Kd3 Re1 70. Rxh4 {[%emt 0:01:33] Threatens to win with Kc4.} (70. Kc4 $5 ) 70... Kxd5 71. Rf4 Rg1 72. Rf2 Ke5 73. Ke3 Re1+ 74. Kd2 Rg1 75. Ke3 {[%emt 0:01:18] Weighted Error Value: White=0.05 (flawless) /Black=0.04 (flawless)} 1/2-1/2

[Event "Bangabandhu Premier Div League 2022"]
[Site "Dhaka"]
[Date "2022.12.06"]
[Round "7.6"]
[White "Aradhya, Garg"]
[Black "Koustav Chatterjee"]
[Result "0-1"]
[ECO "B44"]
[WhiteElo "2289"]
[BlackElo "2496"]
[Annotator "TA"]
[PlyCount "92"]
[EventDate "2022.12.01"]
[EventCountry "BAN"]
[SourceTitle "playchess.com"]
[Source "ChessBase"]
[SourceQuality "1"]
[TimeControl "40/5400+30:1800+30"]

1. e4 c5 2. Nf3 e6 3. c4 Nc6 4. Nc3 Nf6 5. d4 cxd4 6. Nxd4 Bb4 7. Nxc6 bxc6 8. Bd3 e5 9. O-O O-O 10. Be3 {[%emt 0:00:30] 10.h3 deserves study.} d6 {[%emt 0:00:30] B44: Sicilian: Taimanov: 5 Nb5.} 11. h3 Be6 12. Qc2 Qe7 {[%emt 0:00:00] [#] The position is equal.} 13. Rfd1 $146 ({Predecessor:} 13. Na4 d5 14. exd5 cxd5 15. cxd5 Bxd5 16. Nc3 Bb7 17. Rac1 Rac8 18. Qb3 Bc5 19. Bxc5 Rxc5 20. Qa3 Rc7 21. Qxe7 Rxe7 22. Rfd1 g6 23. Bc4 Kg7 {½-½ (23) Davis,M (2319)-Teeriaho,T (2367) ICCF email 2009}) 13... Rfd8 14. Rac1 Bc5 15. Qe2 Nd7 16. Bxc5 dxc5 {[%emt 0:00:30] [#]} (16... Nxc5 {simplifies} 17. b4 Nd7 18. a4 Rab8) 17. Nd5 $1 cxd5 18. exd5 {[%emt 0:00:00] [#]} (18. cxd5 $5 Nf8 19. dxe6 Nxe6 20. Bc4 $11) 18... Bxh3 $1 19. gxh3 Qd6 20. Rc3 g6 21. Bc2 f5 22. Ba4 Nf6 23. Bc6 (23. f3 $11) 23... Rac8 $1 $17 {[%emt 0:00:00] Hoping for ...Rxc6.} 24. Re1 e4 25. Ra3 (25. Re3 $142) 25... Rc7 26. Ra6 Qe5 {[%emt 0:00:00] Black is more active.} (26... Rb8 $142) 27. Qd2 f4 28. d6 Rxc6 29. Rxc6 e3 (29... Qg5+ $15 30. Kh2 e3 31. fxe3 Qg3+ 32. Kh1 Qxh3+ 33. Qh2 Qf3+ 34. Qg2 Qh5+ 35. Qh2 (35. Kg1 $2 f3 $19) 35... Qf3+ 36. Qg2 Qh5+ 37. Qh2 (37. Kg1 $2 f3 $19) 37... Qf3+) 30. fxe3 $11 f3 31. Qf2 {[%emt 0:00:00] Inhibits Qg3+.} Qg5+ $1 32. Kh2 $1 Qe5+ $1 33. Qg3 (33. Kg1 $5 Qg5+ $8 34. Kh2 Qe5+ 35. Qg3 $11) 33... Qxb2+ (33... Qe4 $1 $11 {and Black stays safe.} 34. Rxc5 Qc2+ 35. Kh1 Ne4 36. Qxf3 Rf8) 34. Kg1 {[%emt 0:00:30] Strongly threatening Rf1.} Qc3 {[%emt 0:00:30] White must now prevent ...Ne4.} 35. Rf1 $1 (35. Rxc5 $2 {is the wrong capture.} Ne4 36. Qh4 Rf8 $19) 35... Qxe3+ {[%emt 0:00:00] [#]} 36. Kh2 $2 (36. Qf2 $1 $16 Qg5+ 37. Kh2 (37. Kh1 $2 Ne4 $19)) 36... Rf8 $1 $36 {[%emt 0:00:08][%mdl 2048] Black has good play.} 37. d7 (37. Qxf3 $11 {remains equal.} Ng4+ 38. Qxg4 Rxf1 39. Rc8+ Kg7 40. Rc7+ Kg8 41. Rc8+ Kg7 42. Rc7+ Kg8 43. Rc8+) 37... Nxd7 $17 {[%emt 0:01:22] aiming for ...Ne5. The board is on fire.} 38. Rxg6+ $2 hxg6 $19 39. Qxg6+ Kh8 40. Qh5+ Kg7 {[%emt 0:01:30] ( -> ...Qd2+)} 41. Qg4+ Kh6 42. Qh4+ {[%emt 0:00:30] [#]} Kg6 $1 {[%emt 0:29:41] Threatens to win with ...Ne5.} 43. Qg4+ (43. Qg3+ $142 Qg5 44. Rxf3) 43... Qg5 44. Qe6+ Kh5 {[%emt 0:00:00][%csl Gf3][%cal Rg5g2] Black mates.} 45. Rg1 Qe5+ 46. Qxe5+ Nxe5 {[%emt 0:00:00] Weighted Error Value: White=0.64/Black=0.14 (very precise)} 0-1

[Event "Bangabandhu Premier Div League 2022"]
[Site "Dhaka"]
[Date "2022.12.06"]
[Round "7.7"]
[White "Mitrabha, Guha"]
[Black "Harsha Bharathakoti"]
[Result "0-1"]
[ECO "D30"]
[WhiteElo "2474"]
[BlackElo "2582"]
[Annotator "TA"]
[PlyCount "100"]
[EventDate "2022.11.30"]
[EventType "team-tourn"]
[EventCountry "BAN"]
[SourceTitle "playchess.com"]
[Source "ChessBase"]
[SourceQuality "1"]
[TimeControl "40/5400+30:1800+30"]

1. d4 d5 2. c4 e6 3. Nf3 c6 4. Nbd2 f5 5. g3 Nd7 6. Bg2 {[%emt 0:00:30] D30: Queen's Gambit Declined: Systems without Nc3.} Nh6 $5 {[%emt 0:00:55][%mdl 4] A promising side line.} 7. b3 Nf7 8. O-O {[%emt 0:01:50] [#] White is slightly better.} g5 $146 ({Predecessor:} 8... Bd6 9. Ne1 O-O 10. Nd3 Qe7 11. Bb2 b6 12. f3 Bb7 13. e4 Rfe8 14. e5 Ba3 15. Bxa3 Qxa3 {1-0 (42) Arencibia Rodriguez,W (2480)-Hernandez Guerrero,Y (2150) Alcobendas 1994}) 9. Ne1 h5 10. f4 (10. Nd3 $11 {should be considered.}) 10... h4 11. Ndf3 hxg3 12. hxg3 gxf4 13. Bxf4 Bd6 14. Qc1 Rg8 (14... e5 15. dxe5 Qb6+ 16. e3 Ndxe5 17. Nxe5 Bxe5 18. Bxe5 Nxe5 19. Qc3 $16 (19. cxd5 cxd5 20. Qc3 Nf7 $16)) 15. Nd3 Qe7 16. Qe3 (16. Nfe5 $15) 16... Bxf4 $17 17. gxf4 ({White should play} 17. Nxf4 $15 Nf6 18. Nh4) 17... Nf6 $1 18. cxd5 Ng4 (18... exd5 19. Qxe7+ Kxe7 20. Nfe5 $15) 19. Qd2 exd5 20. Nde5 Nf6 (20... Bd7 $142 21. a3 O-O-O) 21. Qe3 $2 (21. Nxf7 $17 Ne4 22. Qe3 Kxf7 23. Ng5+ Nxg5 24. Qxe7+ Kxe7 25. fxg5) 21... Ne4 $2 (21... Rg3 $19 {and Black stays clearly on top.} 22. Qc1 Nxe5 23. fxe5 Ne4) 22. Nxf7 Kxf7 (22... Qxf7 $17 23. Ng5 Qf6) 23. Ne5+ (23. Ng5+ $1 $15 Nxg5 24. Qxe7+ Kxe7 25. fxg5) 23... Ke8 {[%emt 0:02:20] ...Qg7 is the strong threat.} 24. Kh2 Qh4+ 25. Qh3 Qf6 {[%emt 0:00:19] Black is more active.} 26. Qh5+ {[%emt 0:00:54] [#]} (26. Bxe4 $2 fxe4 27. Qh5+ Ke7 $19) (26. Qe3 $142) 26... Ke7 $1 {[%emt 0:02:12] aiming for ...Be6.} 27. Rf3 (27. Bh3 $17 Be6 28. Rg1 (28. Qh7+ $2 Rg7 $19)) 27... Be6 $19 {[%emt 0:00:24] White must now prevent ...Rh8. Dancing on a razor blade.} (27... Qg7 28. Bh1 $15) 28. Rh3 {[%emt 0:00:43] [#]} Nf2 $1 (28... Qg7 29. Bf3 $11 (29. Qh7 Nf6 $11)) 29. Rh4 (29. Qh7+ $2 Rg7 30. Qh6 Nxh3 31. Qxf6+ Kxf6 $19) 29... Ng4+ (29... Qg7 30. Qh7 $11) 30. Kg1 (30. Nxg4 {was called for.} Rxg4 31. Rxg4) 30... Rh8 (30... Rg7 $142 {Threatens to win with ...Bf7.} 31. Rxg4 fxg4) 31. Qg5 Qxg5 $40 {[%emt 0:00:48][%mdl 128] Black has strong attack.} ({Worse is} 31... Rxh4 32. Qxh4 Qxh4 33. Ng6+ Kf6 34. Nxh4 $15) 32. fxg5 Nxe5 ({Inferior is} 32... Rxh4 33. Ng6+ Kf7 34. Nxh4 $17) 33. Rxh8 Rxh8 34. dxe5 {[%emt 0:00:04][%mdl 4096] Endgame KRB-KRB} Bf7 ({Stronger than} 34... Rg8 35. Kf2 $17) 35. Kf2 Ke6 36. Bf3 Kxe5 37. Rg1 Bg6 38. e3 Rh7 39. b4 (39. Kg3 {might work better.}) 39... Rh2+ (39... f4 $19 40. exf4+ Kxf4 41. Rg4+ Ke5) 40. Rg2 (40. Kg3 $17 Rxa2 41. Rh1) 40... Rxg2+ 41. Bxg2 {[%emt 0:30:12] KB-KB} b6 42. a3 c5 {[%emt 0:02:10] Hoping for ...c4.} 43. bxc5 bxc5 {[%emt 0:00:03] ( -> ...c4)} 44. Bf3 d4 45. Be2 dxe3+ 46. Kxe3 f4+ 47. Kd2 Kd4 {[%emt 0:05:57] Black mates.} 48. Bg4 c4 49. Ke2 c3 50. Bf3 Bd3+ {[%emt 0:00:05] Weighted Error Value: White=0.83/Black=0.15 (very precise)} 0-1